 Dungeon Crawl Stone Soup version 0.23.2-1-ga50397a6bc (webtiles) character file.

Game seed: 17208186820112867143

22 Marnok the Insei (level 2, -10/18 HPs)
             Began as an Octopode Transmuter on Apr 20, 2019.
             Mangled by Sigmund
             ... wielding a +0 scythe
              (12 damage)
             ... on level 2 of the Dungeon.
             The game lasted 00:04:27 (1477 turns).

Marnok the Insei (Octopode Transmuter)              Turns: 1477, Time: 00:04:27

Health: -10/18     AC:  1    Str:  6 (9)  XL:     2   Next: 91%
Magic:  2/5        EV: 16    Int: 13 (15) God:
Gold:   35         SH:  0    Dex: 16 (17) Spells: 2/5 levels left

rFire    + . .     SeeInvis .   e - +0 club
rCold    . . .     Gourm    .   g - +1 shield
rNeg     . . .     Faith    .   (helmet restricted)
rPois    .         Spirit   .   (no amulet)
rElec    .         Reflect  .   d - ring of protection from fire
rCorr    .         Harm     .   (no ring)
MR       .....                  (no ring)
Stlth    +++.......             (no ring)
HPRegen  0.06/turn              (no ring)
MPRegen  0.09/turn              (no ring)
                                (no ring)
                                (no ring)

@: confused, agile, very slightly contaminated
A: almost no armour, stealthy swim, amphibious, 8 rings, constrict 8, camouflage
1, gelatinous body 1
a: no special abilities


You were on level 2 of the Dungeon.
You were not hungry.

You visited 1 branch of the dungeon, and saw 2 of its levels.

You collected 35 gold pieces.

Inventory:

Hand Weapons
 e - a +0 club (weapon)
Missiles
 a - 11 arrows
Armour
 g - a +1 shield (worn)
Jewellery
 d - a ring of protection from fire (left tentacle)
Scrolls
 f - a scroll of amnesia
 i - 2 scrolls of identify {unknown}
 k - a scroll of magic mapping {unknown}
 m - a scroll of random uselessness {unknown}
Comestibles
 c - a ration
 j - a chunk of flesh


   Skills:
 + Level 1.1 Fighting
 + Level 2.0 Dodging
 + Level 0.4 Stealth
 + Level 0.5 Shields
 + Level 3.3 Unarmed Combat
 + Level 2.3 Spellcasting
 + Level 2.1 Transmutations


You had 2 spell levels left.
You knew the following spells:

 Your Spells              Type           Power        Failure   Level  Hunger
a - Beastly Appendage     Tmut           #.....       54%         1    #......
b - Sticks to Snakes      Tmut           #.......     69%         2    ###....

Your spell library contained the following spells:

 Spells                   Type           Power        Failure   Level  Hunger
 Spider Form              Tmut/Pois      #.........   97%         3    ###....
 Ice Form                 Ice/Tmut       #.......     100%        4    #####..
 Blade Hands              Tmut           #.........   100%        5    ######.


Dungeon Overview and Level Annotations

Branches:
Dungeon (2/15)

Altars:

Annotations:
D:2 Sigmund


Innate Abilities, Weirdness & Mutations

You cannot wear most types of armour.
You are very stealthy in the water. (Stealth+)
You are amphibious.
You can wear up to eight rings at the same time.
You can use your tentacles to constrict eight enemies at once.
Your skin changes colour to match your surroundings (Stealth+).
Your rubbery body absorbs attacks. (AC +1, EV +1)


Message History

You hit Sigmund.
Sigmund is heavily wounded.
You constrict Sigmund. Sigmund gestures at you while chanting.
You are confused.
Your shield prevents you from hitting Sigmund.
You squeeze Sigmund.
Sigmund is heavily wounded.
You constrict Sigmund. Sigmund closely misses you.
You bump into the rock wall.
You constrict Sigmund. Sigmund misses you.
You hit Sigmund.
Sigmund is severely wounded.
You constrict Sigmund. Sigmund misses you.
You bump into the rock wall.
You constrict Sigmund.
Sigmund gestures wildly while chanting.
Sigmund flickers and vanishes!
Deactivating autopickup; reactivate with Ctrl-A.
You release your grip on something.
Something hits you!
Ouch! That really hurt!
You die...

#.# #.# #.##........
#.####.####.##..###.###
######.##...................
#......##.#...##............
#.#######.#.#####...........
#.# #>.................. #.#
#....####...######.. #<#
#.#..# #...# . ###
##.#?.@.######..
#...{............
##.#.########....# .....
#####. .. ##


There were no monsters in sight!

Vanquished Creatures
  A giant cockroach (D:1)
  8 goblins (D:1)
  2 hobgoblins (D:1)
  3 bats
  A frilled lizard (D:1)
  A kobold (D:1)
  5 rats (D:1)
21 creatures vanquished.

Notes
Turn   | Place    | Note
-------+----------+-------------------------------------------
     0 | D:1      | Marnok the Octopode Transmuter began the quest for the Orb.
     0 | D:1      | Reached XP level 1. HP: 13/13 MP: 3/3
   642 | D:1      | Reached XP level 2. HP: 16/18 MP: 1/5
  1381 | D:1      | Learned a level 2 spell: Sticks to Snakes
  1448 | D:2      | Noticed Sigmund
  1477 | D:2      | Mangled by Sigmund

Action                   || total
-------------------------++-------
Melee: Unarmed           ||     8
       Club              ||    50
       Constrict         ||    15
       Tentacles         ||     7
       Kick              ||     3
 Cast: Beastly Appendage ||     7
       Sticks to Snakes  ||     1
  Use: Scroll            ||     2
       Potion            ||     3
 Stab: Sleeping          ||     3
  Eat: Chunk             ||     2
Armor: Skin              ||    10
Dodge: Dodged            ||    31
Block: Shield            ||    23
